 Dungeon Sprint DCSS version 0.30-a0-965-g42e074c17a (webtiles) character file.

Game seed: 2003384546678003728

4 sircluck the Chopper (level 1, -2/30 HPs)
             Began as a Hill Orc Monk on Mar 31, 2023.
             Slain by an ice beast (11 damage)
             ... in the Dungeon (Sprint IX: "|||||||||||||||||||||||||||||").
             The game lasted 00:00:14 (28 turns).

sircluck the Chopper (Hill Orc Monk)                  Turns: 28, Time: 00:00:14

Health: -2/30      AC:  2    Str: 13    XL:     1   Next: 60%
Magic:  1/1        EV: 12    Int: 10    God:
Gold:   0          SH:  0    Dex: 13    Spells: 0/0 levels left

rFire   . . .      SeeInvis .    a - +0 hand axe
rCold   . . .      Faith    .    (no shield)
rNeg    . . .      Spirit   .    b - +0 robe
rPois   .          Reflect  .    (no helmet)
rElec   .          Rampage  .    (no cloak)
rCorr   .          NoTele   +    (no gloves)
Will    .....                    (no boots) Stlth
                                 (no amulet)
HPRegen 0.25/turn                (no ring)
MPRegen 0.07/turn                (no ring)

@: berserking, very quick
A: no striking features
a: no special abilities


You were in the Dungeon.
You visited 1 branch

Inventory:

Hand Weapons
 a - a +0 hand axe (weapon)
Armour
 b - a +0 robe (worn)
Scrolls
 i - a scroll of blinking
Potions
 c - a potion of ambrosia
 d - a potion of curing
 e - a potion of heal wounds
 f - a potion of haste
 g - 2 potions of magic


   Skills:
 + Level 4.1 Fighting
 + Level 4.6 Axes
 + Level 2.9 Dodging
 + Level 1.6 Stealth


You couldn't memorise any spells.
You didn't know any spells.
Your spell library was empty.

Dungeon Overview and Level Annotations

Branches:
Dungeon (1/1)

Altars:


Message History

The ball python is severely wounded.
The ball python closely misses you. The ball python constricts you.
You closely miss the ball python.
The ball python is severely wounded.
The ball python closely misses you. The ball python constricts you.
You barely miss the ball python.
The ball python is severely wounded.
The ball python bites you but does no damage.
The ball python constricts you. The ball python bites you.
The ball python constricts you.
You hit the ball python.
You kill the ball python!
The kobold throws a stone.
The stone barely misses you. The kobold completely misses you.
You hit the kobold.
You kill the kobold!
You hit the rat.
The rat is heavily wounded.
The rat bites you. The rat bites you but does no damage.
You slash the rat!
You kill the rat!
Things that are here:
a +0 dagger; 5 stones You open the door.
A phantom, 2 iguanas, an orc wizard and an ice beast come into view.
Unknown command.
A red film seems to cover your vision as you go berserk!
You feel yourself moving faster!
You feel mighty!
The iguana hisses angrily. x2; The orc wizard shouts!
You hit the ice beast.
The ice beast is lightly wounded.
You hit the ice beast.
The ice beast is lightly wounded.
The ice beast hits you. The ice beast freezes you!
You slash the ice beast!
The ice beast is heavily wounded.
The ice beast hits you.
* * * LOW HITPOINT WARNING * * *
The ice beast freezes you!
You die...

▓+▓
▓W▓
▓l▓
▓.▓
▓l▓
▓o▓
▓Y▓
▓@▓
▓.▓
▓.▓
▓)▓
▓.▓
▓'▓
▓.▓
▓.▓
▓.▓


You could see an ice beast, a phantom, 2 iguanas and an orc wizard.

Vanquished Creatures
  An endoplasm (D)
  A ball python (D)
  A kobold (D)
  2 rats (D)
5 creatures vanquished.

Notes
Turn   | Place    | Note
-------+----------+-------------------------------------------
     0 | D        | sircluck the Hill Orc Monk began the quest for the Orb.
     0 | D        | Reached XP level 1. HP: 19/19 MP: 1/1
    24 | D        | Noticed a phantom
    24 | D        | Noticed an iguana
    24 | D        | Noticed an iguana
    24 | D        | Noticed an orc wizard
    24 | D        | Noticed an ice beast
    28 | D        | Slain by an ice beast

Illustrated notes

Levels and vault maps discovered:
D:        linesprint [early_d, line_temple, items_1, d_10, items_2, lair_1,
          lair_end, items_3, orc_1, orc_end, items_4, d_15, swamp_1, shoals_1,
          snake_1, spider_1, d_20, vaults_1, items_5, swamp_end, shoals_end,
          snake_end, spider_end, vaults_end, d_27, items_6, zot_1, zot_end,
          crypt_end, forest_end, elf_end, slime_end, tomb_end, abyss_end,
          pan_hell_end]

Skill      XL: |  1 |
---------------+----+-----
Fighting       | 4 |  4.1
Axes           | |  4.6
Dodging        | |  2.9
Stealth        | |  1.6

Action                     || total
---------------------------++-------
  Melee: Hand axe          ||    17
         Punch             ||     1
    Use: Potion            ||     1
 Armour: Robe              ||     3
  Dodge: Dodged            ||     8

Table legend: (Time is in decaauts)
 A = Elapsed time spent in this place.
 B = Non-inter-level travel time spent in this place.
 C = Inter-level travel time spent in this place.
 D = Time resting spent in this place.
 E = Time spent auto-exploring this place.
 F = Levels seen in this place.
 G = Mean time per level.
                   A        B        C        D        E       F      G
               +--------+--------+--------+--------+--------+-----+--------+
         Total |     28 |     28 |      0 |      0 |      0 |   1 |   28.0 |
       Dungeon |     28 |     28 |      0 |      0 |      0 |   1 |   28.0 |
               +--------+--------+--------+--------+--------+-----+--------+

Top non-repeatable levels by time:
       D: 28 daAuts
